 Dungeon Crawl Stone Soup version 0.29.0-11-gd7f09526c8 (webtiles) character file.

Game seed: 11480579683239296968

558 Arum the Chiller (level 7, 50/50 HPs)
             Began as a Red Draconian Ice Elementalist on Sept 2, 2022.
             Quit the game on level 4 of the Dungeon.
             The game lasted 00:07:19 (4176 turns).

Arum the Chiller (Red Draconian Ice Elementalist)   Turns: 4176, Time: 00:07:20

Health: 50/50      AC: 10    Str: 11    XL:     7   Next: 9%
Magic:  13/13      EV: 12    Int: 17    God:
Gold:   155        SH:  0    Dex: 11    Spells: 7/15 levels left

rFire   + . .      SeeInvis .   m - +3 dagger (speed)
rCold   . . .      Faith    .   (no shield)
rNeg    . . .      Spirit   .   (body armour unavailable)
rPois   .          Reflect  .   (helmet restricted)
rElec   .          Harm     .   l - +2 cloak
rCorr   .          Rampage  .   (no gloves)
Will    .....                   r - +0 pair of boots
Stlth   ++........              f - amulet of regeneration
HPRegen 0.96/turn               (no ring)
MPRegen 0.13/turn               (no ring)

@: no status effects
A: breathe fire, AC +6, unfitting armour, fire resistance 1, cold-blooded
a: Breathe Fire


You were on level 4 of the Dungeon.
You visited 1 branch of the dungeon, and saw 4 of its levels.

You collected 155 gold pieces.

Inventory:

Hand Weapons
 m - a +3 dagger of speed (weapon)
Armour
 l - a +2 cloak (worn)
 r - a +0 pair of boots (worn)
Magical Staves
 u - a staff of fire
Jewellery
 f - an amulet of regeneration (around neck)
 p - a +4 ring of evasion
Wands
 d - a wand of flame (10)
Scrolls
 o - a scroll of poison
Potions
 a - a potion of magic
 b - a potion of resistance {unknown}
 c - a potion of haste {unknown}
 e - a potion of heal wounds {unknown}
 g - a potion of invisibility
 h - 2 potions of might {unknown}
 i - a potion of degeneration {unknown}
 q - a potion of flight {unknown}
 t - a potion of ambrosia {unknown}


   Skills:
 - Level 1.7 Dodging
 - Level 1.7 Stealth
 + Level 4.6 Spellcasting
 + Level 3.3 Conjurations
 + Level 5.1 Ice Magic


You had 7 spell levels left.
You knew the following spells:

 Your Spells              Type           Power      Damage    Failure   Level
a - Freeze                Ice            84%        1d10      1%          1
b - Ozocubu's Armour      Ice            21%        N/A       5%          3
c - Hailstorm             Conj/Ice       18%        3d6       26%         4

Your spell library contained the following spells:

 Spells                   Type           Power      Damage    Failure   Level
 Frozen Ramparts          Ice            42%        1d7       5%          3
 Sting                    Tmut/Pois      12%        1d3       16%         1
 Poisonous Vapours        Pois/Air       6%         N/A       22%         2
 Olgreb's Toxic Radiance  Pois           3%         N/A       83%         4


Dungeon Overview and Level Annotations

Branches:
Dungeon (4/15)
 Temple: D:4-7

Altars:


Innate Abilities, Weirdness & Mutations

You can breathe blasts of fire.
Your fiery red scales are hard. (AC +6)
You cannot fit into any form of body armour.
Your flesh is heat resistant. (rF+)
You are cold-blooded and may be slowed by cold attacks.


Message History

You kill the hound!
You have reached level 7!
Your scales start taking on a fiery red colour.
You learn Fire Magic much quicker.
You learn Ice Magic much slower.
Your Ice Magic skill decreases to level 5!
You can breathe blasts of fire.
You feel resistant to heat.
Unknown command.
You open the door.
A jelly comes into view.
Found a gold wand.
A jelly is nearby!
A giant cockroach comes into view.
The jelly quivers.
There is an open door here.
You freeze the jelly!
The jelly is heavily wounded.
The jelly hits you but does no damage.
You freeze the jelly.
The jelly is heavily wounded.
The jelly hits you.
You are splashed with acid!
You freeze the jelly.
The jelly is almost dead.
The giant cockroach barely misses you. The jelly hits you but does no damage.
You freeze the jelly.
You kill the jelly!
The giant cockroach bites you but does no damage.
The giant cockroach completely misses you.
You freeze the giant cockroach!
You kill the giant cockroach!
You can't see any susceptible monsters within range! (Use Z to cast anyway.)
You can't see any susceptible monsters within range! (Use Z to cast anyway.)
There is a fountain of clear blue water here.
d - a wand of flame (10)
You see here a giant cockroach corpse.
You start resting.
HP restored.
You start resting.
Magic restored.
Are you sure you want to abandon this character and quit the game? (Confirm with "yes".)

#.# ##.#.###..####
#.# #.#.# #..# #.#
#.#.###..#
######.###
#........#
..........##
#...###.##
...........#########
#.#
.########.##.......#
#.# #..#...⌠...# #.#
#..#.@♣.♣ #.#
#..'.⌠.♣ #.#
#..#..♣.♣ #.#
#..#...⌠..
#..#.......#
#..######### #...
##.# #.


There were no monsters in sight!

Vanquished Creatures
  Menkaure (D:4)
  A black bear (D:4)
  A jelly (D:4)
  A hound (D:4)
  A gnoll bouda (D:4)
  An orc wizard (D:4)
  9 gnolls
  5 adders
  A shadow imp (D:3)
  A dart slug (D:1)
  9 orcs
  6 ball pythons
  5 endoplasms
  6 giant cockroaches
  12 goblins
  6 hobgoblins
  3 jackals (D:1)
  3 quokkas
  10 bats
  A frilled lizard (D:1)
  6 kobolds
  4 rats
93 creatures vanquished.

Notes
Turn   | Place    | Note
-------+----------+-------------------------------------------
     0 | D:1      | Arum the Draconian Ice Elementalist began the quest for the
                  | Orb.
     0 | D:1      | Reached XP level 1. HP: 14/14 MP: 3/3
   365 | D:1      | Reached XP level 2. HP: 19/20 MP: 1/5
   900 | D:1      | Reached XP level 3. HP: 26/26 MP: 5/7
  1544 | D:2      | Found a faded altar of an unknown god.
  1789 | D:2      | Reached XP level 4. HP: 33/33 MP: 5/8
  2168 | D:2      | Learned a level 3 spell: Ozocubu's Armour
  2173 | D:2      | Learned a level 4 spell: Hailstorm
  2247 | D:3      | Reached skill level 5 in Ice Magic
  2457 | D:3      | Reached skill level 1 in Conjurations
  2723 | D:3      | Reached XP level 5. HP: 38/38 MP: 7/10
  3600 | D:4      | Noticed Menkaure
  3625 | D:4      | Killed Menkaure
  3626 | D:4      | Reached XP level 6. HP: 9/45 MP: 8/12
  3908 | D:4      | Reached skill level 6 in Ice Magic
  4111 | D:4      | Your scales start taking on a fiery red colour.
  4111 | D:4      | Reduced skill Ice Magic to level 5
  4111 | D:4      | Reached XP level 7. HP: 50/50 MP: 10/13
  4111 | D:4      | Gained mutation: Your flesh is heat resistant. (rF+) [Red
                  | Draconian growth]
  4176 | D:4      | Quit the game

Illustrated notes

Levels and vault maps discovered:
D:1:      scummos_arrival_star, layout_basic
D:2:      layout_basic, dreamdust_ecumenical_altar_statues, nrook_mini_vaults,
          minmay_tromino_v2
D:3:      layout_loops_corners, serial_rivers, chequers_serial_rivers_small_3,
          chequers_serial_rivers_marsh, chequers_serial_rivers_small_3,
          chequers_serial_rivers_large_b, chequers_serial_rivers_micro_c,
          chequers_serial_rivers_small_3, hex_tiny
D:4:      layout_loops_ring, kennysheep_generic_room_10, uniq_menkaure

Skill      XL: |  1  2  3  4  5  6 |
---------------+-------------------+-----
Spellcasting   | 3 4 |  4.6
Ice Magic      | 5 5 |  5.1
Conjurations   | 1 2 3 |  3.3
Dodging        | |  1.7
Stealth        | |  1.7

Action                   |  1- 3 |  4- 6 |  7- 9 || total
-------------------------+-------+-------+-------++-------
Melee: Unarmed           |    45 |       |       ||    45
       Tailslap          |     2 |    10 |       ||    12
       Punch             |     1 |     1 |       ||     2
       Dagger            |       |    94 |       ||    94
 Cast: Freeze            |    53 |    77 |     5 ||   135
       Ozocubu's Armour  |       |     5 |       ||     5
  Use: Potion            |       |     1 |       ||     1
       Scroll            |       |     7 |       ||     7
 Stab: Invisible         |       |     1 |       ||     1
       Sleeping          |       |     1 |       ||     1
Armor: Skin              |    31 |    39 |     3 ||    73
Dodge: Dodged            |    56 |    74 |     2 ||   132
